 Dungeon Crawl Stone Soup version 0.27-a0-604-g29a88b33a7 (webtiles) character file.

Game seed: 10467990229438639302

133 jasper the Grasshopper (level 4, 0/23 HPs)
             Began as a Spriggan Warper on Mar 12, 2021.
             Slain by a hound (4 damage)
             ... on level 4 of the Dungeon.
             The game lasted 00:04:06 (4464 turns).

jasper the Grasshopper (Spriggan Warper)            Turns: 4464, Time: 00:04:07

Health: 0/23       AC:  4    Str:  7      XL:     4   Next: 93%
Magic:  9/9        EV: 18    Int: 14      God:
Gold:   226        SH:  0    Dex: 13 (15) Spells: 6/8 levels left

rFire    + . .     SeeInvis +     - Unarmed
rCold    . . .     Faith    .   (shield restricted)
rNeg     . . .     Spirit   .   n - +2 robe of the Stone Wall {rF+}
rPois    .         Reflect  .   (helmet restricted)
rElec    .         Harm     .   (no cloak)
rCorr    .         Rampage  .   (gloves unavailable)
Will     .....                  (boots unavailable)
Stlth    +.........             (no amulet)
HPRegen  0.07/turn              (no ring)
MPRegen  0.11/turn              (no ring)

@: mighty, very quick
A: very small, unfitting armour, see invisible, speed 3
a: no special abilities


You were on level 4 of the Dungeon.
You visited 1 branch of the dungeon, and saw 4 of its levels.

You collected 226 gold pieces.

Inventory:

Missiles
 e - 170 stones (quivered)
Armour
 a - a +0 robe
 n - the +2 robe of the Stone Wall (worn) {rF+}
   (You found it on level 4 of the Dungeon)

   It protects you from fire.
Scrolls
 c - 4 scrolls of blinking
 f - 2 scrolls of identify {unknown}
 g - a scroll of enchant armour {unknown}
 h - 3 scrolls of teleportation {unknown}
 k - a scroll of enchant weapon {unknown}
 l - a scroll of magic mapping {unknown}
 m - a scroll of amnesia {unknown}
Potions
 d - 2 potions of degeneration
 o - a potion of ambrosia


   Skills:
 + Level 2.4 Fighting
 - Level 1.0 Throwing
 + Level 4.4 Dodging
 * Level 3.2 Unarmed Combat
 - Level 2.6 Spellcasting
 - Level 4.4 Translocations


You had 6 spell levels left.
You knew the following spells:

 Your Spells              Type           Power      Damage    Failure   Level
a - Blink                 Tloc           N/A        N/A       5%          2

Your spell library contained the following spells:

 Spells                   Type           Power      Damage    Failure   Level
 Gell's Gravitas          Tloc           7%         N/A       11%         3
 Lesser Beckoning         Tloc           7%         N/A       11%         3
 Teleport Other           Tloc           14%        N/A       11%         3
 Manifold Assault         Tloc           14%        N/A       36%         4


Dungeon Overview and Level Annotations

Branches:
Dungeon (4/15)
 Temple: D:4-7

Altars:

Annotations:
D:3 Grinder


Innate Abilities, Weirdness & Mutations

You are very small and have problems with some larger weapons.
You are too small for most types of armour.
You have supernaturally acute eyesight. (SInv)
You cover ground extremely quickly. (Speed+++)


Message History

You take 5 damage, and have 17/23 hp.
MASSIVE DAMAGE!!
You start resting.
HP restored.
Health restored: 23
There is an open door here.
You see here a worker ant corpse.
Found a stone staircase leading down.
e - 170 stones (gained 1)
You open the door.
A hound comes into view.
A hound is nearby!
Found a ring mail.
There is an open door here.
Found a dagger.
You hit the hound.
The hound is moderately wounded.
The hound bites you.
You take 3 damage, and have 20/23 hp.
You hit the hound but do no damage.
The hound is moderately wounded.
The hound bites you. x2
You take 10 damage, and have 10/23 hp.
MASSIVE DAMAGE!!
You are too injured to fight recklessly!
You are too injured to fight recklessly!
You are too injured to fight recklessly!
There is an open door here.
There's nothing to close nearby.
It was a potion of might.
You feel very mighty all of a sudden. The hound bites you.
You take 2 damage, and have 8/23 hp.
You closely miss the hound.
The hound is moderately wounded.
The hound closely misses you. The hound bites you.
* * * LOW HITPOINT WARNING * * *
You take 4 damage, and have 4/23 hp.
You closely miss the hound.
The hound is moderately wounded.
The hound bites you.
You die...

##..).....#........#
..........#........#
..........#........#####
..........+........†....
#........#........#....
+........#.....########
+#[.......#.....#
.......h..#.....#
...####@###.....#
#...........#
#...........#
#.............#
#....>........#
#....########## #....
#.... ######## #....
#.#.....


You could see a hound.

Vanquished Creatures
  Jessica (D:3)
  A worker ant (D:4)
  3 adders (D:2)
  A worm (D:2)
  A dart slug (D:2)
  2 leopard geckos
  An orc (D:3)
  7 bats
  2 giant cockroaches (D:1)
  3 goblins
  7 hobgoblins
  5 jackals
  5 kobolds
  A ball python (D:2)
  2 frilled lizards
  5 rats
47 creatures vanquished.

Vanquished Creatures (others)
  11 plants (D:3)
11 creatures vanquished.

Grand Total: 58 creatures vanquished

Notes
Turn   | Place    | Note
-------+----------+-------------------------------------------
     0 | D:1      | jasper the Spriggan Warper began the quest for the Orb.
     0 | D:1      | Reached XP level 1. HP: 10/10 MP: 5/5
   275 | D:2      | Reached XP level 2. HP: 3/15 MP: 6/6
  1611 | D:2      | Reached XP level 3. HP: 18/18 MP: 8/8
  3029 | D:2      | Reached XP level 4. HP: 23/23 MP: 9/9
  3032 | D:2      | Learned a level 2 spell: Blink
  3564 | D:3      | Noticed Jessica
  3567 | D:3      | Killed Jessica
  3631 | D:3      | Noticed Grinder
  3779 | D:4      | Identified the +2 robe of the Stone Wall {rF+}
  4464 | D:4      | Slain by a hound

Illustrated notes

Levels and vault maps discovered:
D:1:      dpeg_arrival_fog, layout_rooms, hangedman_decor_lopped,
          minmay_heptomino_h4
D:2:      layout_basic
D:3:      layout_rooms, serial_bayou_lagoon_b, uniq_robin, uniq_grinder,
          uniq_jessica
D:4:      layout_basic, kennysheep_mini_moat, uniq_crazy_yiuf_cottage

Skill      XL: |  1  2  3  4 |
---------------+-------------+-----
Unarmed Combat | 2 3 |  3.2
Fighting       | 2 |  2.4
Dodging        | 4 |  4.4
Throwing       | |  1.0
Spellcasting   | |  2.6
Translocations | |  4.4

Action                   |  1- 3 |  4- 6 || total
-------------------------+-------+-------++-------
Melee: Unarmed           |   214 |    88 ||   302
       Punch             |     2 |       ||     2
Throw: Boomerang         |     5 |       ||     5
       Stone             |    25 |    13 ||    38
Evoke: Wand              |       |     2 ||     2
  Use: Potion            |     3 |     4 ||     7
 Stab: Sleeping          |     1 |       ||     1
Armor: Robe              |    23 |     6 ||    29
       Skin              |     1 |       ||     1
Dodge: Dodged            |   196 |    68 ||   264

Table legend: (Time is in decaauts)
 A = Elapsed time spent in this place.
 B = Non-inter-level travel time spent in this place.
 C = Inter-level travel time spent in this place.
 D = Time resting spent in this place.
 E = Time spent auto-exploring this place.
 F = Levels seen in this place.
 G = Mean time per level.
                   A        B        C        D        E       F      G
               +--------+--------+--------+--------+--------+-----+--------+
         Total |   3641 |   3616 |     25 |    982 |   2100 |   4 |  910.2 |
       Dungeon |   3641 |   3616 |     25 |    982 |   2100 |   4 |  910.2 |
               +--------+--------+--------+--------+--------+-----+--------+

Top non-repeatable levels by time:
     D:2: 2092 daAuts
     D:1: 668 daAuts
     D:4: 639 daAuts
     D:3: 241 daAuts
